 Dungeon Crawl Stone Soup version 0.18-a0-1390-gc02854d (webtiles) character file.

158 dvd the Chopper (level 5, 0/45 HPs)
             Began as a Minotaur Gladiator on Feb 22, 2016.
             Killed from afar by an orc wizard (4 damage)
             ... with a puff of flame
             ... on level 3 of the Dungeon.
             The game lasted 00:08:55 (2300 turns).

dvd the Chopper (Minotaur Gladiator)                Turns: 2300, Time: 00:08:55

Health: 0/45       AC:  7    Str: 20    XL:     5   Next: 16%
Magic:  4/4        EV: 13    Int:  5    God:
Gold:   166        SH:  0    Dex: 11    Spells: 0 memorised, 4 levels left

rFire  . . .     SeeInvis .     a - +0 war axe
rCold  . . .     Gourm    .     b - +0 leather armour
rNeg   . . .     Faith    .     (no shield)
rPois  .         Spirit   .     c - +2 hat
rElec  .         Dismiss  .     (no cloak)
rCorr  .         Reflect  .     u - +0 pair of gloves
SustAt .         Harm     .     l - +0 pair of boots
MR     .....                    (no amulet)
Stlth  +.........               (no ring)
                                (no ring)

@: very slightly contaminated, not resistant to hostile enchantments, very
unstealthy
A: retaliatory headbutt, horns 2
a: no special abilities


You were on level 3 of the Dungeon.
You were hungry.

You visited 1 branch of the dungeon, and saw 3 of its levels.

You collected 166 gold pieces.

Inventory:

Hand Weapons
 a - a +0 war axe (weapon)
Missiles
 e - 5 tomahawks (quivered)
 n - 7 bolts
 r - a throwing net
Armour
 b - a +0 leather armour (worn)
 c - a +2 hat (worn)
 l - a +0 pair of boots (worn)
 o - a cursed +0 plate armour
 u - a +0 pair of gloves (worn)
Scrolls
 h - 5 scrolls of identify
Potions
 d - a potion of might {unknown}
 g - a potion of haste {unknown}
 i - a potion of flight {unknown}
 j - a potion of curing
 k - a potion of beneficial mutation
 q - a potion of cancellation
 t - a potion of lignification {unknown}
Comestibles
 f - a bread ration


   Skills:
 + Level 3.4 Fighting
 + Level 4.7 Axes
 + Level 2.5 Throwing
 + Level 1.9 Armour
 + Level 4.5 Dodging
 + Level 0.1 Stealth


You had 4 spell levels left.
You didn't know any spells.

Dungeon Overview and Level Annotations

Branches:
Dungeon (3/15)

Altars:
Makhleb
Nemelex Xobeh
Trog
Zin

Annotations:
D:3 Sigmund; Terence; dvd's ghost, amateur DEFE


Innate Abilities, Weirdness & Mutations

You reflexively headbutt those who attack you in melee.
You have a pair of horns on your head.


Message History

You are covered in liquid flames!
* * * LOW HITPOINT WARNING * * *
x2 You feel sick.
Unknown command.
Drink which item? (? for menu, Esc to quit)
It was a potion of curing.
You feel better.
You are covered in liquid flames!
* * * LOW HITPOINT WARNING * * *
Unknown command.
You are covered in liquid flames!
* * * LOW HITPOINT WARNING * * *
Dvd's ghost misses you. You furiously retaliate!
You headbutt dvd's ghost.
Unknown command.
Sigmund casts a spell.
Sigmund flickers and vanishes!
You are feeling hungry.
Dvd's ghost whispers something so quietly that you cannot hear it.
A puff of flame appears from out of thin air!
The puff of flame hits you!
You die...

.....>..# ....#####
..# ###.# # #.####.
.. ♣.. #.#..$ ...
#..# ##.#.# ..+# '..
##....# #.##>....##
♣........##
#..@......#####
#♣..............
..##...W......####
##
#'..#.......####....
#..........#.....#
♣..###......#.#####
### #.....#.#.#
#.###@...#.# #.#
#.####.#


You could see Terence and dvd's ghost.

Vanquished Creatures
  An orc priest (D:3)
  Ijyb (D:2)
  2 adders (D:2)
  An ooze (D:2)
  A dart slug (D:2)
  An orc (D:3)
  5 giant cockroaches
  5 goblins
  9 hobgoblins
  7 jackals
  9 kobolds
  A quokka (D:2)
  2 ball pythons
  12 bats
  12 giant newts
  4 rats
73 creatures vanquished.

Notes
Turn   | Place    | Note
--------------------------------------------------------------
     0 | D:1      | dvd the Minotaur Gladiator began the quest for the Orb.
     0 | D:1      | Reached XP level 1. HP: 18/18 MP: 0/0
   216 | D:1      | Reached XP level 2. HP: 25/25 MP: 1/1
   448 | D:1      | Reached XP level 3. HP: 28/30 MP: 2/2
  1125 | D:2      | Found a sparkling altar of Nemelex Xobeh.
  1165 | D:2      | Noticed Ijyb
  1172 | D:2      | Killed Ijyb
  1172 | D:2      | Reached skill level 1 in Armour
  1256 | D:2      | Reached XP level 4. HP: 35/37 MP: 3/3
  1265 | D:2      | Found a bloodstained altar of Trog.
  1854 | D:3      | Noticed dvd's ghost (amateur DEFE)
  2168 | D:3      | Found a burning altar of Makhleb.
  2182 | D:3      | Found a glowing silver altar of Zin.
  2182 | D:3      | Noticed an angel
  2182 | D:3      | Noticed a cacodemon
  2271 | D:3      | Noticed Sigmund
  2273 | D:3      | Noticed Terence
  2279 | D:3      | Reached XP level 5. HP: 36/45 MP: 4/4
  2286 | D:3      | HP: 1/45 [burnt (9)]
  2300 | D:3      | Killed from afar by an orc wizard

Vault maps used:
D:1:      lemuel_arrival_tunnels, minmay_newt_pond
D:2:      kennysheep_six_static_rooms, bloody_trog,
          nemelex_xobeh_ov_fountains_minmay, uniq_iyjb
D:3:      grunt_temple_overflow_order_and_chaos_2,
          nicolae_overflow_crystal_walls, nicolae_overflow_quartered_altars,
          uniq_terence, uniq_crazy_yiuf_cottage, uniq_sigmund

Skill      XL: |  1  2  3  4 |
---------------+-------------+-----
Axes           | 4 |  4.7
Dodging        | 4 |  4.5
Armour         | 1 |  1.9
Fighting       | 3 |  3.4
Throwing       | |  2.5
Stealth        | |  0.1

Action                   |  1- 3 |  4- 6 || total
-------------------------+-------+-------++-------
Melee: War axe           |    69 |    69 ||   138
Throw: Throwing net      |    15 |       ||    15
       Tomahawk          |     5 |       ||     5
  Use: Scroll            |     4 |     6 ||    10
       Potion            |       |     4 ||     4
  Eat: Chunk             |     1 |     3 ||     4
